 Dungeon Crawl Stone Soup version 0.31.0-11-ge490571c62 (webtiles) character file.

Game seed: 7352080176546733626

50 qw the Shooter (level 3, -8/18 HPs)
             Began as a Spriggan Hunter on Feb 3, 2024.
             Mangled by an iguana (13 damage)
             ... on level 2 of the Dungeon.
             The game lasted 00:00:04 (1031 turns).

qw the Shooter (Spriggan Hunter)                    Turns: 1031, Time: 00:00:05

Health: -8/18      AC:  2    Str:  7    XL:     3   Next: 55%
Magic:  4/4        EV: 19    Int: 10    God:
Gold:   19         SH:  0    Dex: 20    Spells: 2/2 levels left

rFire   . . .        a - +0 shortbow
rCold   . . .        (shield currently unavailable)
rNeg    . . .        c - +0 robe
rPois   .            (helmet restricted)
rElec   .            (no cloak)
rCorr   .            (gloves unavailable)
SInv    +            (boots unavailable)
Will    .....        d - amulet of the acrobat
Stlth   ++           (no ring)
HPRegen 0.23/turn    (no ring)
MPRegen 0.09/turn

%: acrobat
@: very quick
A: very small, no large weapons, unfitting armour, see invisible, speed 3
a: no special abilities


You were on level 2 of the Dungeon.
You visited 1 branch of the dungeon, and saw 2 of its levels.

You collected 75 gold pieces.
You spent 56 gold pieces at shops.


Innate Abilities, Weirdness & Mutations

You are very small and have problems with some larger weapons.
You are too small for most types of armour.
You have supernaturally acute eyesight. (SInv)
You cover ground extremely quickly. (Speed+++)


   Skills:
 - Level 1.5 Fighting
 + Level 4.8 Ranged Weapons
 - Level 4.0 Dodging
 - Level 1.5 Stealth


You had 2 spell levels left.
You didn't know any spells.
Your spell library was empty.

Inventory:

Hand Weapons
 a - a +0 shortbow (weapon)
Armour
 c - a +0 robe (worn)
Jewellery
 d - an amulet of the acrobat (around neck)
Scrolls
 e - a scroll of revelation {unknown}
 h - 2 scrolls of identify
Potions
 b - a potion of degeneration {unknown}
 f - a potion of curing
 g - a potion of mutation {unknown}

Dungeon Overview and Level Annotations

Branches:
Dungeon (2/15)

Altars:

Shops:
D:1 =   D:2 ?


Message History

1003 ||| SHOPLISTING scroll of teleportation (42 gold, have 19).
You can access your shopping list by pressing '$'.
You open the door.
A ball python comes into view.
You shoot an arrow. The arrow hits the ball python!
You kill the ball python!
There is an open door here.
A bat and an iguana come into view.
Enter note:
Enter note:
Enter note: You shoot an arrow.
The arrow hits the iguana but does no damage.
The iguana hisses angrily.
You shoot an arrow. The arrow barely misses the bat.
The arrow closely misses the iguana.
You shoot an arrow. The arrow hits the bat!
You kill the bat!
You shoot an arrow. The arrow hits the iguana.
The iguana is moderately wounded.
You shoot an arrow. The arrow barely misses the iguana.
You shoot an arrow. The arrow barely misses the iguana.
The iguana bites you but does no damage.
You shoot an arrow. The arrow closely misses the iguana.
The iguana barely misses you.
You shoot an arrow. The arrow hits the iguana!
The iguana is severely wounded.
The iguana barely misses you.
You shoot an arrow. The arrow hits the iguana.
The iguana is severely wounded.
The iguana bites you!
Ouch! That really hurt!
The iguana closely misses you.
You shoot an arrow. The arrow hits the iguana.
The iguana is almost dead.
The iguana completely misses you.
You shoot an arrow. The arrow closely misses the iguana.
The iguana bites you!
Ouch! That really hurt!
You die...

#.###.###.....%... .... ####
#.+..\..'........................
#####.###..............###.......
#.#................. ##....
#+#..#.............. #....
#....#............. #....
##...#..........# #....
#...#..........###. .....
#####......@l...... ..
#................ .
#................ .
#................ .
#................ .
#................
#................
#################


You could see an iguana.

Vanquished Creatures
  2 dart slugs (D:1)
  2 ribbon worms (D:2)
  3 endoplasms
  A giant cockroach (D:2)
  5 goblins
  3 hobgoblins
  3 jackals (D:2)
  A quokka (D:1)
  2 ball pythons
  11 bats
  2 frilled lizards (D:2)
  2 kobolds (D:1)
  2 rats
39 creatures vanquished.

Notes
Turn   | Place    | Note
-------+----------+-------------------------------------------
     0 | D:1      | qw the Spriggan Hunter began the quest for the Orb.
     0 | D:1      | Reached XP level 1. HP: 10/10 MP: 2/2
     0 | D:1      | 0 ||| qw: Version: 0.3-a-157-g843a77d
     0 | D:1      | 0 ||| qw: Game counter: 3748
     0 | D:1      | 0 ||| qw: Melee chars always use a shield: true
     0 | D:1      | 0 ||| qw: God list: Okawaru
     0 | D:1      | 0 ||| qw: Allow faded altars: false
     0 | D:1      | 0 ||| qw: Do Orc after clearing Dungeon:15 true
     0 | D:1      | 0 ||| qw: Do second Lair branch before Depths: true
     0 | D:1      | 0 ||| qw: Lair rune preference: random
     0 | D:1      | 0 ||| qw: Goals: Normal
     0 | D:1      | 0 ||| PLANNING D:1-11
    59 | D:1      | Reached skill level 3 in Dodging
   106 | D:1      | Reached XP level 2. HP: 14/14 MP: 3/3
   259 | D:1      | Found Jeerhuo's Jewellery Boutique.
   270 | D:1      | 270 ||| SHOPLISTING +4 ring of protection (504 gold, have
                  | 38).
   270 | D:1      | 270 ||| SHOPLISTING ring of fire (350 gold, have 38).
   270 | D:1      | 270 ||| SHOPLISTING ring of ice (350 gold, have 38).
   270 | D:1      | 270 ||| SHOPLISTING ring of poison resistance (280 gold,
                  | have 38).
   270 | D:1      | 270 ||| SHOPLISTING ring of protection from cold (350 gold,
                  | have 38).
   270 | D:1      | 270 ||| SHOPLISTING ring of willpower (350 gold, have 38).
   364 | D:1      | Reached XP level 3. HP: 18/18 MP: 4/4
   492 | D:1      | 492 ||| READING scroll labelled DUELAE ZYKHYTOI.
   492 | D:1      | 492 ||| IDENTIFYING bubbling silvery potion
   493 | D:1      | 493 ||| READING 2 scrolls labelled JIUNNE LEOJANT.
   494 | D:1      | 494 ||| READING scroll labelled LAMOHAIGGO.
   494 | D:1      | Identified a scroll of acquirement
   494 | D:1      | 494 ||| ACQUIRING amulet of the acrobat
   494 | D:1      | Acquired an amulet of the acrobat
   496 | D:1      | 496 ||| UPGRADING to amulet of the acrobat.
   501 | D:1      | 501 ||| READING scroll labelled OPEAJE TIAPAPPOECH.
   602 | D:1      | 602 ||| READING scroll labelled BAK AFFIOWICUWK.
   603 | D:1      | 603 ||| DROPPING scroll of butterflies.
   604 | D:1      | 604 ||| DROPPING scroll of poison.
   994 | D:2      | Found Pulukol's Magic Scroll Shop.
  1003 | D:2      | 1003 ||| BUYING 2 scrolls of identify (56 gold).
  1003 | D:2      | Bought 2 scrolls of identify for 56 gold pieces
  1003 | D:2      | 1003 ||| SHOPLISTING scroll of teleportation (42 gold, have
                  | 19).
  1031 | D:2      | Mangled by an iguana

Levels and vault maps discovered:
D:1:      minmay_arrival_glassed_features, layout_rooms, serial_shops,
          nicolae_shop_advertising_works [nicolae_subvault_shop_adworks]
D:2:      layout_basic, serial_shops, nicolae_shop_hallway_plus,
          minmay_misc_feat_enclosed

Skill      XL: |  1  2 |
---------------+-------+-----
Dodging        | 3 4 |  4.0
Fighting       | |  1.5
Ranged Weapons | |  4.8
Stealth        | |  1.5

Action                     || total
---------------------------++-------
   Fire: Shortbow          ||   101
    Use: Scroll            ||     5
 Armour: Robe              ||     8
  Dodge: Dodged            ||    17

Table legend:
 A = Non-vault XP
 B = Vault XP
 C = Vault XP percentage of total XP
 D = Non-vault monster count
 E = Vault monster count
 F = Vault count percentage of total count
                 A         B        C        D         E       F
            +---------+---------+-------+---------+---------+-------
      Total |      72 |       0 |   0.0 |      39 |       0 |   0.0
            +---------+---------+-------+---------+---------+-------
        D:1 |      43 |       0 |   0.0 |      23 |       0 |   0.0
        D:2 |      29 |       0 |   0.0 |      16 |       0 |   0.0
            +---------+---------+-------+---------+---------+-------
